 Dungeon Crawl Stone Soup version 0.23.2-33-g5129a83184 (webtiles) character file.

Game seed: 10820358074812739855

15148 redmage the Carver (level 12, -2/65 HPs)
             Began as a Vine Stalker Fighter on June 27, 2019.
             Was a High Priest of Makhleb.
             Slain by a ynoxinul (5 damage)
             ... summoned by an orc high priest
             ... on level 9 of the Dungeon.
             The game lasted 01:01:50 (4530 turns).

redmage the Carver (Vine Stalker Fighter)           Turns: 4530, Time: 01:01:51

Health: -2/65      AC: 14    Str: 19    XL:     12   Next: 24%
Magic:  0/27       EV:  8    Int:  8    God:    Makhleb [*****.]
Gold:   528        SH:  9    Dex: 21    Spells: 11/11 levels left

rFire    . . .     SeeInvis .   q - +0 long sword (slice)
rCold    + . .     Gourm    .   c - +0 shield
rNeg     . . .     Faith    .   F - +2 chain mail {rC+}
rPois    .         Spirit   +   m - +1 helmet
rElec    .         Reflect  .   (no cloak)
rCorr    .         Harm     .   (no gloves)
MR       +....                  (no boots)
Stlth    ..........             E - amulet of the acrobat
HPRegen  1.00/turn              u - ring of magical power
MPRegen  0.20/turn              H - +2 ring of dexterity

@: lightly drained
A: fangs 3, regeneration 2, magic shield, antimagic bite, no potion heal 3, rot
immunity
a: Minor Destruction, Lesser Servant of Makhleb, Major Destruction, Greater
Servant of Makhleb, Renounce Religion


You were on level 9 of the Dungeon.
You worshipped Makhleb.
Makhleb was extremely pleased with you.
You were not hungry.

You visited 4 branches of the dungeon, and saw 15 of its levels.
You also visited: Ossuary.

You collected 528 gold pieces.

Inventory:

Hand Weapons
 a - a +1 long sword
 g - a +5 battleaxe
 q - a +0 long sword of slicing (weapon)
 A - a +3 dagger of freezing
 B - a +3 short sword of freezing
 C - a +4 halberd
 D - a +1 hand axe of distortion
 I - a cursed +1 flail of freezing
Armour
 c - a +0 shield (worn)
 m - a +1 helmet (worn)
 v - a +2 robe of fire resistance
 F - a +2 chain mail of cold resistance (worn)
Jewellery
 l - an uncursed ring of teleportation
 u - a ring of magical power (left hand)
 E - an amulet of the acrobat (around neck)
 H - a +2 ring of dexterity (right hand)
Wands
 b - a wand of polymorph (6)
 r - a wand of paralysis (2)
 y - a wand of disintegration (29)
Scrolls
 d - a scroll of fear
 e - 5 scrolls of amnesia
 o - 2 scrolls of enchant armour
 w - a scroll of teleportation
 x - 2 scrolls of enchant weapon
 z - a scroll of remove curse
 G - 2 scrolls of identify
Potions
 h - 2 potions of agility
 i - 3 potions of heal wounds
 j - 5 potions of curing
 k - a potion of brilliance
 n - 2 potions of cancellation
 p - 2 potions of flight
 s - 2 potions of magic
 t - 3 potions of mutation
Comestibles
 f - 10 rations
 J - 2 chunks of flesh


   Skills:
 + Level 8.7(8.4) Fighting
 * Level 11.7(11.3) Long Blades
 - Level 5.3(5.0) Armour
 + Level 6.0(5.7) Dodging
 - Level 2.6(2.3) Shields
 * Level 7.4(7.0) Invocations


You had 11 spell levels left.
You didn't know any spells.
Your spell library contained the following spells:

 Spells                   Type           Power        Failure   Level  Hunger
 Beastly Appendage        Tmut           #.....       100%        1    ##.....
 Sticks to Snakes         Tmut           #.......     100%        2    ###....
 Spider Form              Tmut/Pois      #.........   100%        3    ####...
 Ice Form                 Ice/Tmut       #.......     100%        4    #####..
 Blade Hands              Tmut           #.........   100%        5    ######.


Dungeon Overview and Level Annotations

Branches:
Dungeon (12/15)            Temple (1/1) D:4            Lair (1/6) D:8
    Orc (1/2) D:9

Altars:
Ashenzari
Cheibriados
Dithmenos
Fedhas
Gozag
Hepliaklqana
Kikubaaqudgha
Makhleb
Nemelex Xobeh
Sif Muna
Uskayaw
Vehumet
Xom
Zin
The Shining One

Shops:
D:6 (

Annotations:
D:3 2 transporters


Innate Abilities, Weirdness & Mutations

You have razor-sharp teeth.
You heal very quickly.
When hurt, damage is shared between your health and your magic reserves.
Your bite disrupts and absorbs the magic of your enemies.
Potions cannot restore your health.
You are immune to rotting.


Message History

* * * LOW HITPOINT WARNING * * *
The sixfirhy shocks you!
* * * LOW HITPOINT WARNING * * *
The ufetubus hits you but does no damage. x2
The orc high priest hits you with a +0 dire flail.
* * * LOW HITPOINT WARNING * * *
The ynoxinul hits you.
* * * LOW HITPOINT WARNING * * *
Unknown command.
Unknown command.
You closely miss the orc high priest. Your bite misses the orc high priest.
The orc high priest is severely wounded.
You block the ufetubus's attack. x2; The ufetubus barely misses you.
You riposte.
You slash the ufetubus!
You kill the ufetubus!
The ufetubus closely misses you.
You riposte.
You slash the ufetubus!
You kill the ufetubus!
The orc high priest calls down the wrath of Beogh upon you.
You resist with some effort. The ynoxinul hits you!
You die...

...(.##.# ......#.##########
........##.......#
......####.#####.### .....##
####.....#### #...##
#.....8.....# ##### #
##...........####
##.#.....3.[.....(.#
.....8..4o@....8...#
#.#.....3[....).#.#### #####
#..#...........#))[..#### ...##.
#..#.....8.....##.(.....#
....#.##.#####.....#####).#.##.#
....#.......#.......## #..#.#
###.# #..##.#))....<##.#....#
#.###....[)รท.#######......# #
#...........## ###.##.##.#


You could see an orc high priest, a rust devil, a sixfirhy and a ynoxinul.

Vanquished Creatures
  Josephine (D:11)
  Harold (D:11)
  An orc high priest (D:9)
  An ugly thing (D:11)
  2 orc sorcerers (D:9)
  3 manticores
  2 hippogriffs (D:11)
  7 wraiths
  A steam dragon (D:11)
  A basilisk (D:8)
  Grum (D:11)
  19 yaks
  A warg (D:9)
  A water moccasin (D:9)
  2 porcupines (D:8)
  6 orc warriors
  An ice beast (D:8)
  3 sky beasts
  A black bear (D:6)
  2 necrophages
  3 centaurs
  4 ogres
  An eye of draining (D:10)
  A phantom (D:5)
  2 wolves (D:11)
  2 crocodiles
  3 big kobolds
  9 bullfrogs
  A wyvern zombie (Ossuary)
  5 scorpions
  7 killer bees (D:11)
  12 wights
  5 bullfrog zombies
  A howler monkey (D:11)
  4 centaur zombies
  8 jellies
  2 bullfrog skeletons
  A human zombie (D:5)
  4 orc priests
  3 hounds
  2 iguanas
  5 orc wizards
  8 worker ants
  3 killer bee zombies
  2 hound zombies
  17 mummies (Ossuary)
  3 howler monkey zombies
  A worker ant zombie (Ossuary)
  Robin (D:3)
  6 gnolls
  10 adders
  A shadow imp (D:5)
  An adder zombie (Ossuary)
  2 adder skeletons
  A worm (D:4)
  A dart slug (D:1)
  3 leopard geckos
  47 orcs
  3 ball pythons
  2 bats
  3 giant cockroaches
  10 goblins
  13 hobgoblins
  11 jackals
  2 quokkas
  4 frilled lizards
  A jackal zombie (D:5)
  14 kobolds
  A leopard gecko zombie (Ossuary)
  2 quokka zombies (Ossuary)
  A rat (D:3)
316 creatures vanquished.

Vanquished Creatures (others)
  A sky beast (D:11)
  A wight (D:11)
  A shadow imp (D:11)
  A plant (D:8)
4 creatures vanquished.

Grand Total: 320 creatures vanquished

Notes
Turn   | Place    | Note
-------+----------+-------------------------------------------
     0 | D:1      | redmage the Vine Stalker Fighter began the quest for the
                  | Orb.
     0 | D:1      | Reached XP level 1. HP: 11/11 MP: 2/2
    89 | D:1      | Reached skill level 2 in Long Blades
   126 | D:1      | Reached XP level 2. HP: 12/16 MP: 3/3
   193 | D:1      | Reached XP level 3. HP: 7/20 MP: 4/4
   281 | D:2      | Reached skill level 3 in Long Blades
   309 | D:1      | Gained mutation: Your natural rate of healing is unusually
                  | fast. [Vine Stalker growth]
   309 | D:1      | Reached XP level 4. HP: 7/24 MP: 5/5
   341 | D:3      | Found a transporter.
   387 | D:3      | Found a transporter.
   462 | D:3      | Reached XP level 5. HP: 10/28 MP: 3/6
   478 | D:2      | Found a shimmering altar of Xom.
   509 | D:3      | Noticed Robin
   537 | D:3      | Reached skill level 4 in Long Blades
   538 | D:3      | Killed Robin
   911 | D:4      | Found a shattered altar of Ashenzari.
   985 | D:4      | Reached XP level 6. HP: 15/33 MP: 7/7
  1006 | D:4      | Found a staircase to the Ecumenical Temple.
  1015 | Temple   | Entered the Ecumenical Temple
  1053 | Temple   | Became a worshipper of Makhleb the Destroyer
  1188 | D:5      | Entered Level 5 of the Dungeon
  1200 | D:5      | Found a sand-covered staircase.
  1217 | D:5      | Reached skill level 5 in Long Blades
  1234 | Ossuary  | Entered an ossuary
  1305 | Ossuary  | Reached XP level 7. HP: 20/38 MP: 8/8
  1347 | Ossuary  | Reached * piety under Makhleb
  1347 | Ossuary  | Reached skill level 6 in Long Blades
  1410 | Ossuary  | Reached skill level 5 in Fighting
  1506 | Ossuary  | Gained mutation: You have razor-sharp teeth. [Vine Stalker
                  | growth]
  1506 | Ossuary  | Reached XP level 8. HP: 42/43 MP: 9/9
  1608 | D:5      | Reached skill level 7 in Long Blades
  1627 | D:5      | Reached skill level 1 in Invocations
  1828 | D:5      | Reached ** piety under Makhleb
  1856 | D:6      | Found Bajef's Weapon Emporium.
  1962 | D:6      | Reached skill level 8 in Long Blades
  1974 | D:6      | Reached XP level 9. HP: 48/48 MP: 12/12
  2077 | D:6      | Noticed a moth of wrath
  2342 | D:7      | Reached *** piety under Makhleb
  2418 | D:8      | Reached skill level 9 in Long Blades
  2431 | D:8      | Found a glowing silver altar of Zin.
  2687 | D:8      | Reached skill level 1 in Dodging
  2687 | D:8      | Reached skill level 5 in Invocations
  2687 | D:8      | Reached XP level 10. HP: 42/55 MP: 14/14
  2749 | D:8      | Found a staircase to the Lair.
  2787 | D:9      | Found a staircase to the Orcish Mines.
  2865 | Lair:1   | Entered Level 1 of the Lair of Beasts
  2892 | D:9      | Reached **** piety under Makhleb
  2920 | D:9      | Reached skill level 10 in Long Blades
  3067 | D:10     | Entered Level 10 of the Dungeon
  3070 | D:10     | Noticed a manticore
  3553 | D:11     | Reached XP level 11. HP: 60/60 MP: 16/16
  3594 | D:11     | Noticed a manticore
  3602 | D:11     | Noticed Josephine
  3616 | D:11     | Killed Josephine
  3646 | D:11     | Killed a manticore
  3680 | D:11     | Reached skill level 11 in Long Blades
  3683 | D:11     | Reached skill level 5 in Dodging
  3687 | D:11     | Noticed Grum
  3691 | D:11     | Noticed a manticore
  3699 | D:11     | Reached ***** piety under Makhleb
  3706 | D:11     | Noticed Harold
  3710 | D:11     | Killed Grum
  3730 | D:11     | Killed Harold
  3736 | D:11     | Killed a manticore
  3928 | D:11     | Noticed a white ugly thing
  3963 | D:10     | Killed a manticore
  4090 | D:11     | Reached skill level 5 in Armour
  4106 | D:11     | Gained mutation: You heal very quickly. [Vine Stalker
                  | growth]
  4106 | D:11     | Reached XP level 12. HP: 65/65 MP: 18/18
  4265 | Orc:1    | Entered Level 1 of the Orcish Mines
  4287 | Orc:1    | Noticed an orc high priest
  4287 | Orc:1    | Noticed a soul eater
  4360 | D:9      | Noticed a sun demon
  4376 | D:9      | Killed an orc high priest
  4456 | Orc:1    | Noticed an orc high priest
  4470 | Orc:1    | Noticed a sun demon
  4529 | D:9      | HP: 2/65 [ynoxinul[an orc high priest] (2)]
  4530 | D:9      | Slain by a ynoxinul

Skill      XL: |  1  2  3  4  5  6  7  8  9 10 11 12 |
---------------+-------------------------------------+-----
Long Blades    | 2 3 4 5 6 8 9 10 11 | 11.7
Fighting       | 3 4 5 6 7 8 |  8.7
Invocations    | 3 5 6 7 |  7.4
Dodging        | 1 4 5 6 |  6.0
Armour         | 3 5 |  5.3
Shields        | |  2.6

Action                   |  1- 3 |  4- 6 |  7- 9 | 10-12 || total
-------------------------+-------+-------+-------+-------++-------
Melee: Long sword        |    53 |   198 |   414 |   526 ||  1191
       Bite              |    15 |    68 |   185 |   288 ||   556
       Short sword       |       |       |       |    30 ||    30
       Dagger            |       |       |       |    15 ||    15
Invok: Lesser Servant of |       |       |       |     4 ||     4
       Major Destruction |       |       |       |     1 ||     1
Evoke: Wand              |       |       |     6 |       ||     6
  Use: Scroll            |       |     8 |    10 |     1 ||    19
       Potion            |       |       |       |     7 ||     7
 Stab: Paralysed         |       |       |     2 |       ||     2
       Invisible         |       |       |       |     9 ||     9
       Distracted        |       |       |       |     1 ||     1
  Eat: Ration            |       |     1 |     1 |     2 ||     4
       Chunk             |       |     1 |       |     2 ||     3
Armor: Scale mail        |    14 |    64 |   140 |    18 ||   236
       Chain mail        |       |       |       |   153 ||   153
Dodge: Dodged            |    17 |    54 |    99 |   214 ||   384
Block: Shield            |    24 |    89 |   193 |   248 ||   554
       Rpst.: Long sword |     6 |    12 |    44 |    59 ||   121
